 Dungeon Crawl Stone Soup version 0.28-a0-1344-g6b9ff3a05d (webtiles) character file.

Game seed: 8370918346126429758

3525 Deminshera the Fighter (level 9, -9/70 HPs)
             Began as a Demonspawn Fighter on Dec 29, 2021.
             Was a Believer of Hepliaklqana.
             Mangled by a boulder beetle (27 damage)
             ... on level 7 of the Dungeon.
             The game lasted 00:14:50 (6052 turns).

Deminshera the Fighter (Demonspawn Fighter)         Turns: 6052, Time: 00:14:51

Health: -9/70      AC:  6    Str: 25    XL:     9   Next: 81%
Magic:  9/9        EV: 13    Int:  9    God:    Hepliaklqana [**....]
Gold:   363        SH:  6    Dex: 19    Spells: 8/8 levels left

rFire   . . .      SeeInvis .   k - +8 falchion of Ownuorri {vamp, rPois rC+}
rCold   + . .      Faith    .   c - +0 buckler
rNeg    . . .      Spirit   .   A - +0 ring mail of Conscience {Str+4}
rPois   +          Reflect  .   (helmet restricted)
rElec   .          Harm     .   (no cloak)
rCorr   .          Rampage  .   (no gloves)
Will    .....                   (no boots)
Stlth   ++........              (no amulet)
HPRegen 0.21/turn               j - ring of poison resistance
MPRegen 0.11/turn               r - +6 ring of dexterity

@: no status effects
A: reduced essence, claws 1, hooves 1, horns 1, foul stench 1, spiny 2
a: Renounce Religion, Recall Ancestor, Ancestor Identity


You were on level 7 of the Dungeon.
You worshipped Hepliaklqana.
Hepliaklqana was pleased with you.
You visited 2 branches of the dungeon, and saw 8 of its levels.

You collected 363 gold pieces.

Inventory:

Hand Weapons
 a - a +0 rapier
 k - the +8 falchion of Ownuorri (weapon) {vamp, rPois rC+}
   (You found it on level 2 of the Dungeon)

   It occasionally heals its wielder for a portion of the damage dealt when it
   wounds a living foe.
   rC:        It protects you from cold.
   rPois:     It protects you from poison.
Armour
 c - a +0 buckler (worn)
 A - the +0 ring mail of Conscience (worn) {Str+4}
   (You found it on level 7 of the Dungeon)

   Str:       It affects your strength (+4).
Jewellery
 j - a ring of poison resistance (left claw)
 r - a +6 ring of dexterity (right claw)
 y - a ring of wizardry
Wands
 l - a wand of acid (1)
 z - a wand of digging (2)
Scrolls
 d - a scroll of fear {unknown}
 e - a scroll of immolation
 f - 2 scrolls of enchant armour {unknown}
 g - 4 scrolls of teleportation
 m - 3 scrolls of amnesia {unknown}
 o - a scroll of noise {unknown}
 p - 2 scrolls of summoning {unknown}
 q - a scroll of magic mapping {unknown}
Potions
 b - a potion of invisibility
 h - a potion of mutation {unknown}
 i - a potion of attraction
 n - a potion of degeneration
 s - 3 potions of flight
 t - 2 potions of curing
 v - a potion of heal wounds
 w - a potion of cancellation
 x - a potion of brilliance


   Skills:
 - Level 10.0 Fighting
 - Level 2.6(4.5) Short Blades
 - Level 5.6(6.0) Long Blades
 + Level 5.2 Armour
 + Level 4.2 Dodging
 - Level 2.0 Stealth
 - Level 4.0 Shields


You had 8 spell levels left.
You didn't know any spells.
Your spell library contained the following spells:

 Spells                   Type           Power      Damage    Failure   Level
 Sandblast                Erth           0%         2d4       52%         1
 Passwall                 Tmut/Erth      0%         N/A       65%         2
 Stone Arrow              Conj/Erth      0%         3d7       87%         3


Dungeon Overview and Level Annotations

Branches:
Dungeon (7/15)             Temple (1/1) D:4

Altars:
Ashenzari
Cheibriados
Dithmenos
Elyvilon
Fedhas
Hepliaklqana
Kikubaaqudgha
Makhleb
Nemelex Xobeh
Okawaru
Qazlal
Ru
Sif Muna
Trog
Uskayaw
Vehumet
Wu Jian
Xom
Yredelemnul
Zin
The Shining One


Innate Abilities, Weirdness & Mutations

Your life essence is reduced to manifest your ancestor. (-10% HP)
You have sharp fingernails.
You have large cloven feet.
You have a pair of small horns on your head.
You may rarely emit foul miasma when damaged in melee.
You are mostly covered in sharp spines.


Message History

You open the door. You open the door.
There is an open door here.
A hound comes into view.
The hound barks!
You block the hound's attack. The hound is struck by your spines.
The hound bites you.
You emit a cloud of foul miasma!
You barely miss the hound.
The hound is moderately wounded.
The hound is engulfed in dark miasma.
The hound is poisoned.
The hound is struck by your spines. The hound bites you.
Ferran gestures at the hound while chanting.
The hound resists with significant effort.
You slash the hound!
You feel better.
You kill the hound!
You see here a hound corpse.
p - 2 scrolls labelled POUDOOMAEF (gained 1)
You swap places.
A boulder beetle comes into view.
The boulder beetle curls into a ball and begins rolling!
You barely miss the boulder beetle.
You kick the boulder beetle, but do no damage.
Your headbutt misses the boulder beetle.
The boulder beetle is struck by your spines.
The boulder beetle hits you!!!
Ouch! That really hurt!
* * * LOW HITPOINT WARNING * * *
The boulder beetle stops rolling and uncurls.
You are too injured to fight recklessly!
You hit the boulder beetle but do no damage.
You kick the boulder beetle, but do no damage.
The boulder beetle is lightly wounded.
You block the boulder beetle's attack.
Ferran gestures at the boulder beetle while chanting.
The boulder beetle easily resists.
You hit the boulder beetle.
You feel better.
You kick the boulder beetle.
You headbutt the boulder beetle, but do no damage.
The boulder beetle is moderately wounded.
The boulder beetle bites you!!
You die...

+.....+. ........#
#.....## ........+
+.....R.
........#########.....##
.........#..............
.........#.#############
.........#.# #
.......R.#.#############
......B@...........†....
........##.#############
........##.# #.......
........##.# #.#.....
######+###.# #.#.##..
#.# #.#.##.# #.#
#.#.##.. #.. #.#.####
##. #.#.....


You could see the friendly Ferran the hexer and a boulder beetle (ally target).

Vanquished Creatures
  A two-headed ogre (D:7)
  Grinder (D:6)
  4 yaks (D:5)
  Eustachio (D:4)
  Duvessa (D:5)
  2 black bears (D:6)
  An ogre (D:5)
  A centaur (D:5)
  2 phantoms
  A kobold brigand (D:7)
  A bullfrog (D:5)
  4 scorpions
  A water moccasin zombie (D:5)
  Dowan (D:5)
  2 hounds (D:7)
  A centaur skeleton (D:6)
  2 jellies
  2 orc priests
  Jessica (D:3)
  A bullfrog skeleton (D:6)
  2 iguanas
  2 orc wizards (D:6)
  Ijyb (D:4)
  A hound skeleton (D:5)
  Robin (D:2)
  6 adders
  A shadow imp (D:6)
  A white imp (D:6)
  An ufetubus (D:6)
  2 worms
  A dart slug (D:1)
  14 orcs
  5 endoplasms
  2 giant cockroaches
  14 goblins
  20 hobgoblins
  8 jackals
  15 kobolds
  2 quokkas
  6 ball pythons
  2 bats
  2 frilled lizards (D:1)
  8 rats
148 creatures vanquished.

Vanquished Creatures (collateral kills)
  A wraith (D:6)
  An ice beast (D:5)
  A phantom (D:5)
  An orc (D:5)
4 creatures vanquished.

Vanquished Creatures (others)
  5 plants (D:4)
5 creatures vanquished.

Grand Total: 157 creatures vanquished

Notes
Turn   | Place    | Note
-------+----------+-------------------------------------------
     0 | D:1      | Deminshera the Demonspawn Fighter began the quest for the
                  | Orb.
     0 | D:1      | Reached XP level 1. HP: 18/18 MP: 1/1
    26 | D:1      | Reached skill level 1 in Stealth
   466 | D:1      | Found a faded altar of an unknown god.
   471 | D:1      | Discovered your monstrous ancestry.
   471 | D:1      | Gained mutation: You have a pair of small horns on your
                  | head. [demonic ancestry]
   471 | D:1      | Reached XP level 2. HP: 24/24 MP: 2/2
   689 | D:1      | Gained mutation: You are partially covered in sharp spines.
                  | [demonic ancestry]
   689 | D:1      | Reached XP level 3. HP: 24/29 MP: 3/3
  1023 | D:2      | Identified the +8 falchion of Ownuorri {vamp, rPois rC+}
  1199 | D:2      | Reached skill level 1 in Long Blades
  1422 | D:2      | Noticed Robin
  1443 | D:2      | Reached XP level 4. HP: 35/35 MP: 4/4
  1448 | D:2      | Killed Robin
  1912 | D:3      | You fall into a shaft and drop 2 floors!
  1912 | D:5      | Entered Level 5 of the Dungeon
  1956 | D:4      | Noticed Ijyb
  1965 | D:4      | Noticed a phantom
  1967 | D:4      | Killed Ijyb
  1968 | D:4      | Gained mutation: You have sharp fingernails. [demonic
                  | ancestry]
  1968 | D:4      | Reached XP level 5. HP: 39/41 MP: 5/5
  1969 | D:4      | Found a staircase to the Ecumenical Temple.
  1971 | D:4      | Killed a phantom
  2003 | Temple   | Entered the Ecumenical Temple
  2281 | Temple   | Became a worshipper of Hepliaklqana the Forgotten
  2778 | D:3      | Noticed Jessica
  2782 | D:3      | Killed Jessica
  2783 | D:3      | Gained mutation: You are mostly covered in sharp spines.
                  | [demonic ancestry]
  2783 | D:3      | Reached XP level 6. HP: 47/47 MP: 6/6
  3225 | D:4      | Reached skill level 5 in Long Blades
  3370 | D:4      | Noticed Eustachio
  3395 | D:4      | Killed Eustachio
  3396 | D:4      | Gained mutation: You may rarely emit foul miasma when
                  | damaged in melee. [demonic ancestry]
  3396 | D:4      | Reached XP level 7. HP: 28/52 MP: 7/7
  3401 | D:4      | Identified the +2 leather armour of Lust {Str+4}
  3621 | D:4      | Reached * piety under Hepliaklqana
  3966 | D:5      | Reached skill level 4 in Fighting
  3971 | D:5      | Reached skill level 5 in Fighting
  4014 | D:5      | Noticed a yak
  4015 | D:5      | Noticed a yak
  4015 | D:5      | Noticed a yak
  4016 | D:5      | Noticed a yak
  4031 | D:5      | Killed a yak
  4032 | D:5      | Gained mutation: You have large cloven feet. [demonic
                  | ancestry]
  4032 | D:5      | Reached XP level 8. HP: 34/57 MP: 8/8
  4036 | D:5      | Reached skill level 6 in Fighting
  4039 | D:5      | Reached skill level 7 in Fighting
  4134 | D:5      | Noticed Dowan
  4141 | D:5      | Reached skill level 8 in Fighting
  4144 | D:5      | Killed Dowan
  4146 | D:5      | Noticed Duvessa
  4152 | D:5      | Killed Duvessa
  4687 | D:5      | Reached skill level 9 in Fighting
  4774 | D:5      | Reached XP level 9. HP: 68/68 MP: 9/9
  4975 | D:6      | Reached ** piety under Hepliaklqana
  4976 | D:6      | Remembered your ancestor Ferran as a hexer
  5093 | D:6      | Reached skill level 10 in Fighting
  5093 | D:6      | Reached skill level 1 in Dodging
  5198 | D:6      | Noticed Grinder
  5204 | D:6      | Killed Grinder
  5558 | D:7      | Noticed a two-headed ogre
  5578 | D:7      | Killed a two-headed ogre
  5579 | D:7      | Reached skill level 5 in Armour
  5762 | D:7      | Identified the +0 ring mail of Conscience {Str+4}
  6046 | D:7      | Noticed a boulder beetle
  6052 | D:7      | Mangled by a boulder beetle

Illustrated notes

Levels and vault maps discovered:
D:1:      lightli_arrival_statue_moat, layout_basic,
          hellmonk_ecumenical_altar_blasted, corexii_item_surrounded_by_moat,
          nrook_uturn
D:2:      kennysheep_big_flooded_room, layout_basic, uniq_robin
D:3:      layout_basic, kennysheep_generic_room_16, uniq_jessica
D:4:      layout_rooms, minmay_temple_entry_slanted, serial_bayou_lake_a,
          uniq_ijyb, uniq_eustachio
D:5:      layout_basic, uniq_duvessa
D:6:      layout_cave_pools, uniq_grinder
D:7:      minmay_klotski, layout_basic
Temple:   mainiacjoe_temple_archimedes_tessellation

Skill      XL: |  1  2  3  4  5  6  7  8  9 |
---------------+----------------------------+-----
Stealth        | 1 2 |  2.0
Short Blades   | 2 |  2.6
Long Blades    | 1 3 4 5 |  5.6
Shields        | 3 4 |  4.0
Fighting       | 5 9 10 | 10.0
Armour         | 5 |  5.2
Dodging        | 4 |  4.2

Action                   |  1- 3 |  4- 6 |  7- 9 || total
-------------------------+-------+-------+-------++-------
Melee: Rapier            |    72 |       |       ||    72
       Headbutt          |     9 |    10 |    36 ||    55
       Falchion          |    26 |    89 |   115 ||   230
       Kick              |       |       |    38 ||    38
Invok: Ancestor Life: He |       |       |     1 ||     1
  Use: Potion            |       |     5 |       ||     5
       Scroll            |       |       |     6 ||     6
 Stab: Sleeping          |       |       |     4 ||     4
       Distracted        |       |       |     1 ||     1
Armor: Scale mail        |    37 |    22 |       ||    59
       Leather armour    |       |       |    21 ||    21
Dodge: Dodged            |    39 |    36 |    31 ||   106
Block: Buckler           |    25 |    14 |    29 ||    68

Table legend: (Time is in decaauts)
 A = Elapsed time spent in this place.
 B = Non-inter-level travel time spent in this place.
 C = Inter-level travel time spent in this place.
 D = Time resting spent in this place.
 E = Time spent auto-exploring this place.
 F = Levels seen in this place.
 G = Mean time per level.
                   A        B        C        D        E       F      G
               +--------+--------+--------+--------+--------+-----+--------+
         Total |   6099 |   5892 |    207 |    483 |   4437 |   8 |  762.4 |
       Dungeon |   5789 |   5626 |    163 |    483 |   4192 |   7 |  827.0 |
        Temple |    309 |    265 |     44 |      0 |    245 |   1 |  309.0 |
               +--------+--------+--------+--------+--------+-----+--------+

Top non-repeatable levels by time:
     D:5: 1103 daAuts
     D:1: 1025 daAuts
     D:3: 913 daAuts
     D:2: 891 daAuts
     D:4: 720 daAuts
     D:7: 571 daAuts
     D:6: 563 daAuts
  Temple: 309 daAuts
